 Dungeon Crawl Stone Soup version 0.30-a0-272-gf98c3da03f (webtiles) character file.

Game seed: 12396650124813955608

3 ReploidZero the Shooter (level 1, -1/12 HPs)
             Began as a Tengu Hunter on Oct 15, 2022.
             Slain by a goblin
             ... wielding a +0 club
              (2 damage)
             ... on level 1 of the Dungeon.
             The game lasted 00:00:14 (71 turns).

ReploidZero the Shooter (Tengu Hunter)                Turns: 71, Time: 00:00:14

Health: -1/12      AC:  3    Str: 11    XL:     1   Next: 50%
Magic:  2/2        EV: 12    Int:  9    God:
Gold:   0          SH:  0    Dex: 17    Spells: 0/0 levels left

rFire   . . .      SeeInvis .    a - +0 shortbow
rCold   . . .      Faith    .    (shield currently unavailable)
rNeg    . . .      Spirit   .    c - +0 leather armour
rPois   .          Reflect  .    (helmet restricted)
rElec   .          Harm     .    (no cloak)
rCorr   .          Rampage  .    (no gloves)
Will    .....                    (boots unavailable)
Stlth   ++........               (no amulet)
HPRegen 0.22/turn                (no ring)
MPRegen 0.08/turn                (no ring)

@: no status effects
A: beak, talons 3
a: no special abilities


You were on level 1 of the Dungeon.
You visited 1 branch of the dungeon, and saw 1 of its levels.

Inventory:

Hand Weapons
 a - a +0 shortbow (weapon)
Armour
 c - a +0 leather armour (worn)
Scrolls
 b - a scroll of immolation
Potions
 d - a potion of lignification {unknown}


   Skills:
 + Level 2.1 Fighting
 + Level 4.4 Ranged Weapons
 + Level 2.3 Dodging
 - Level 1.0 Stealth


You couldn't memorise any spells.
You didn't know any spells.
Your spell library was empty.

Dungeon Overview and Level Annotations

Branches:
Dungeon (1/15)

Altars:


Innate Abilities, Weirdness & Mutations

You have a beak for a mouth.
You have claws for feet.


Message History

The goblin shouts!
A bat comes into view.
The quokka bites you. x2
You are too injured to fight recklessly!
You are too injured to fight recklessly!
You are too injured to fight recklessly!
The quokka bites you.
There is an escape hatch in the floor here.
The quokka attacks as you move away! The quokka bites you.
* * * LOW HITPOINT WARNING * * *
The quokka barely misses you. The quokka attacks as you move away!
The quokka bites you but does no damage.
There is an open gate here.
The quokka closely misses you. The quokka barely misses you.
There is an open door here.
You are too injured to fight recklessly!
You are too injured to fight recklessly!
You are too injured to fight recklessly!
Fire: a) +0 shortbow
Press: ? - help, Q - select action Shift-Dir - straight line, f/p - quokka
Aim: a quokka (53% to hit)
You shoot an arrow. The arrow hits the quokka.
You kill the quokka!
The goblin hits you with a +0 club.
* * * LOW HITPOINT WARNING * * *
Fire: a) +0 shortbow
Press: ? - help, Q - select action Shift-Dir - straight line, f - goblin
Aim: a goblin, wielding a +0 club (56% to hit)
You shoot an arrow. The arrow closely misses the goblin. x2
The goblin hits you with a +0 club.
* * * LOW HITPOINT WARNING * * *
Fire: a) +0 shortbow
Press: ? - help, Q - select action Shift-Dir - straight line, f/p - goblin
Aim: a goblin, wielding a +0 club (56% to hit)
You shoot an arrow. The arrow hits the goblin.
The goblin is almost dead.
The goblin hits you with a +0 club.
You die...

### ##################
#.. #.....#...~~~~...#
#..
#..<..#..........###..
#.....#....~~....#8...
#'#####..........'....
#.#♣♣@gg.........'...>
#.#♣.♣#..........'....
#.#♣.♣#....≈§§...#8...
#.'.♣♣#..........#####
#♣#♣♣ #...§§§≈...#
############


You could see 2 goblins.

Vanquished Creatures
  A hobgoblin (D:1)
  A quokka (D:1)
  A bat (D:1)
3 creatures vanquished.

Notes
Turn   | Place    | Note
-------+----------+-------------------------------------------
     0 | D:1      | ReploidZero the Tengu Hunter began the quest for the Orb.
     0 | D:1      | Reached XP level 1. HP: 12/12 MP: 2/2
    71 | D:1      | Slain by a goblin

Illustrated notes

Levels and vault maps discovered:
D:1:      scummos_arrival_gate, layout_basic, serial_aquarium,
          aquarium_bridge_square [aquarium_subvault_balcony,
          aquarium_subvault_bridge, aquarium_subvault_bridge,
          aquarium_subvault_bridge], aquarium_window_fake,
          aquarium_window_corner, aquarium_window_corner, aquarium_view_2f,
          aquarium_view_2c, aquarium_balcony_5b, aquarium_pool_2,
          minmay_misc_feat_doors, minmay_octomino_c4

Action                   || total
-------------------------++-------
 Fire: Shortbow          ||     8
Armor: Leather armour    ||     1
Dodge: Dodged            ||     3

Table legend: (Time is in decaauts)
 A = Elapsed time spent in this place.
 B = Non-inter-level travel time spent in this place.
 C = Inter-level travel time spent in this place.
 D = Time resting spent in this place.
 E = Time spent auto-exploring this place.
 F = Levels seen in this place.
 G = Mean time per level.
                   A        B        C        D        E       F      G
               +--------+--------+--------+--------+--------+-----+--------+
         Total |     73 |     73 |      0 |      0 |     39 |   1 |   73.0 |
       Dungeon |     73 |     73 |      0 |      0 |     39 |   1 |   73.0 |
               +--------+--------+--------+--------+--------+-----+--------+

Top non-repeatable levels by time:
     D:1: 73 daAuts
